 Dungeon Crawl Stone Soup version 0.30-a0-364-gf6b3ef1049 (webtiles) character file.

Game seed: 15926995820970529540

410 Manisia the Caller (level 6, -13/32 HPs)
             Began as a Tengu Summoner on Nov 15, 2022.
             Killed from afar by a wight (24 damage)
             ... with a bolt of acid
             ... on level 5 of the Dungeon.
             The game lasted 00:08:11 (4204 turns).

Manisia the Caller (Tengu Summoner)                 Turns: 4204, Time: 00:08:12

Health: -13/32     AC: -1    Str: 11    XL:     6   Next: 89%
Magic:  22/22      EV: 19    Int: 15    God:
Gold:   275        SH:  0    Dex: 17    Spells: 5/14 levels left

rFire   . . .      SeeInvis .    k - +0 spear (flame)
rCold   . . .      Faith    .    (no shield)
rNeg    . . .      Spirit   .    a - +1 robe
rPois   .          Reflect  .    (helmet restricted)
rElec   .          Harm     .    (no cloak)
rCorr   .          Rampage  .    (no gloves)
Will    .....                    (boots unavailable)
Stlth   ++........               h - amulet of magic regeneration
HPRegen 0.25/turn                j - ring of magical power
MPRegen 0.58/turn                g - ring "Ehesi" {EV+4 Dex+3}

@: corroded, flying quickly and evasively, quick
A: beak, talons 3, nimble flight
a: no special abilities


You were on level 5 of the Dungeon.
You visited 1 branch of the dungeon, and saw 5 of its levels.

You collected 275 gold pieces.

Inventory:

Hand Weapons
 k - a +0 spear of flaming (weapon)
 n - a +1 vorpal spear
Missiles
 t - 3 poisoned darts
Armour
 a - a +1 robe (worn)
Jewellery
 g - the ring "Ehesi" (right hand) {EV+4 Dex+3}
   (You acquired it on level 1 of the Dungeon)

   [ring of evasion]

   EV:        It affects your evasion (+4).
   Dex:       It affects your dexterity (+3).
 h - an amulet of magic regeneration (around neck)
 j - a ring of magical power (left hand)
 o - a ring of ice
Scrolls
 i - 3 scrolls of teleportation
 m - a scroll of blinking
Potions
 b - 2 potions of magic
 c - 2 potions of haste {unknown}
 d - 3 potions of resistance {unknown}
 e - 3 potions of degeneration
 f - 2 potions of heal wounds
 l - 2 potions of berserk rage
 p - a potion of might {unknown}
 q - a potion of curing {unknown}
 r - a potion of flight {unknown}
 s - a potion of ambrosia {unknown}
 u - 2 potions of mutation {unknown}


   Skills:
 + Level 0.3 Fighting
 + Level 1.7 Polearms
 + Level 3.0 Dodging
 - Level 2.0 Stealth
 + Level 4.6 Spellcasting
 + Level 1.7 Hexes
 + Level 6.2 Summonings


You had 5 spell levels left.
You knew the following spells:

 Your Spells              Type           Power      Damage    Failure   Level
a - Summon Small Mammal   Summ           88%        N/A       1%          1
b - Call Imp              Summ           22%        N/A       1%          2
c - Call Canine Familiar  Summ           22%        N/A       4%          3
d - Summon Guardian Gole  Hex/Summ       15%        N/A       10%         3

Your spell library contained the following spells:

 Spells                   Type           Power      Damage    Failure   Level
 Magic Dart               Conj           12%        1d3       17%         1
 Sublimation of Blood     Necr           3%         N/A       26%         2
 Wereblood                Tmut           3%         N/A       26%         2
 Summon Lightning Spire   Summ/Air       12%        N/A       43%         4
 Mephitic Cloud           Conj/Pois/Air  3%         N/A       45%         3
 Summon Hydra             Summ           11%        N/A       100%        7


Dungeon Overview and Level Annotations

Branches:
Dungeon (5/15)
 Temple: D:4-7

Altars:
Elyvilon

Shops:
D:2 (

Annotations:
D:1 exclusion: downstairs


Innate Abilities, Weirdness & Mutations

You have a beak for a mouth.
You have claws for feet.
Your magical nature lets you fly swiftly and evasively.


Message History

A wight is nearby!
A wight comes into view. It is wielding a +0 dagger.
You swap places.
Casting: Call Canine Familiar (dangerous; 4% risk of failure)
Confirm with . or Enter, or press ? or * to list all spells.
The spell is quite dangerous to miscast (10% risk of failure)!
Continue anyway?
A guardian golem appears, shielding your allies.
The wight zaps a wand.
The bolt of acid hits your hound! The acid corrodes your hound!
The bolt of acid hits you! The acid corrodes you!
Your hound barely misses the wight.
The wight hits your hound with a +0 morningstar.
Your hound barely misses the wight.
A bullfrog comes into view.
You swap places.
You swap places.
Your hound closely misses the wight.
The wight completely misses your hound. The wight closely misses your hound.
Your hound bites the wight.
The bullfrog hits your hound!
Your hound dies!
Your hound's corpse disappears in a puff of smoke!
You reach to attack!
You closely miss the wight.
The wight is lightly damaged.
The wight zaps a wand.
The bolt of acid hits your guardian golem!
The acid corrodes your guardian golem! The bolt of acid misses you.
You barely miss the bullfrog. Your kick misses the bullfrog.
The bullfrog hits you.
The wight hits your guardian golem with a +0 morningstar!
The bullfrog hits you.
You hit the bullfrog. You burn the bullfrog.
You peck the bullfrog, but do no damage.
The bullfrog is moderately wounded.
The bullfrog hits you!
Your guardian golem overheats!
The wight zaps a wand.
The bolt of acid hits your guardian golem!
Your guardian golem seems to be corroded for longer.
Your guardian golem disappears in a puff of smoke!
The bolt of acid hits you!!
Ouch! That really hurt!
You die...

. #.# ... #.# ###.#
#.# ....# ##.##
##### ####...### #
######
#####........# z..
......
..........F#§#....#
######
.###..h#@§zz§.#
########.
#####.##.#....#
......... #.# .#
#.. ######### #.#
.# #.# .#
#########.# .#
#.........# .#
########.#########
.# .........#


You could see a bullfrog and 2 wights.

Vanquished Creatures
  A nameless horror (D:5)
  A necrophage (D:5)
  A scorpion (D:5)
  A hound (D:5)
  An orc priest (D:2)
  A gnoll (D:4)
  2 adders
  An ufetubus (D:4)
  A worm (D:4)
  A dart slug (D:4)
  3 orcs
  A bat (D:2)
  4 endoplasms
  A giant cockroach (D:2)
  3 goblins (D:3)
  4 quokkas
  3 rats (D:3)
30 creatures vanquished.

Vanquished Creatures (collateral kills)
  2 orc wizards (D:3)
  A nameless horror (D:4)
  2 gnolls (D:4)
  4 adders (D:2)
  3 worms
  A dart slug (D:2)
  2 orcs
  10 ball pythons
  A bat (D:2)
  2 endoplasms
  A giant cockroach (D:1)
  2 goblins (D:1)
  3 hobgoblins (D:2)
  3 jackals (D:2)
  3 kobolds
  A quokka (D:2)
  2 frilled lizards
  2 rats
45 creatures vanquished.

Grand Total: 75 creatures vanquished

Notes
Turn   | Place    | Note
-------+----------+-------------------------------------------
     0 | D:1      | Manisia the Tengu Summoner began the quest for the Orb.
     0 | D:1      | Reached XP level 1. HP: 10/10 MP: 4/4
    92 | D:1      | Reached skill level 5 in Summonings
   314 | D:1      | Reached XP level 2. HP: 15/15 MP: 4/6
   399 | D:1      | Learned a level 2 spell: Call Imp
   700 | D:1      | Found a faded altar of an unknown god.
  1215 | D:1      | Identified a scroll of acquirement
  1215 | D:1      | Acquired the ring "Ehesi" {EV+4 Dex+3}
  1385 | D:2      | Reached XP level 3. HP: 11/19 MP: 7/7
  1469 | D:2      | Found a white marble altar of Elyvilon.
  1793 | D:2      | Reached XP level 4. HP: 24/24 MP: 9/9
  1796 | D:2      | Reached skill level 6 in Summonings
  1969 | D:2      | Learned a level 3 spell: Call Canine Familiar
  1973 | D:2      | Learned a level 3 spell: Summon Guardian Golem
  2011 | D:2      | Found Nouruos's Weapon Shoppe.
  2041 | D:2      | Gained mutation: Your magical nature lets you fly swiftly
                  | and evasively. [Tengu growth]
  2041 | D:2      | Reached XP level 5. HP: 28/28 MP: 11/11
  2348 | D:3      | Reached skill level 1 in Hexes
  3208 | D:4      | Reached XP level 6. HP: 32/32 MP: 12/12
  3960 | D:5      | Entered Level 5 of the Dungeon
  3964 | D:5      | Noticed a nameless horror
  3970 | D:5      | Killed a nameless horror
  3980 | D:5      | Reached skill level 1 in Polearms
  4204 | D:5      | Killed from afar by a wight

Illustrated notes

Levels and vault maps discovered:
D:1:      onia_arrival_mini_spirals, layout_basic, serial_rivers,
          chequers_serial_rivers_micro_d, chequers_serial_rivers_room_a,
          chequers_serial_rivers_micro_c, chequers_serial_rivers_small_b,
          ebering_ecumenical_altar_box, hex_medium
D:2:      layout_basic, basic_altar, serial_shops, shop, minmay_pentomino_o4
D:3:      layout_basic
D:4:      layout_loops_corners, serial_glass, glass_columns_c, glass_columns_b,
          glass_columns_b, glass_columns_c, glass_columns_c
D:5:      layout_loops_ring

Skill      XL: |  1  2  3  4  5  6 |
---------------+-------------------+-----
Summonings     | 5 6 |  6.2
Spellcasting   | 3 4 |  4.6
Hexes          | 1 |  1.7
Polearms       | 1 |  1.7
Dodging        | 3 |  3.0
Fighting       | |  0.3
Stealth        | |  2.0

Action                   |  1- 3 |  4- 6 || total
-------------------------+-------+-------++-------
Melee: Unarmed           |     9 |       ||     9
       Kick              |     3 |    22 ||    25
       Peck              |     3 |    10 ||    13
       Spear             |       |   100 ||   100
 Cast: Summon Small Mamm |    44 |    23 ||    67
       Call Imp          |     4 |     5 ||     9
       Call Canine Famil |       |     5 ||     5
       Summon Guardian G |       |     1 ||     1
  Use: Scroll            |     3 |    10 ||    13
 Stab: Distracted        |     1 |       ||     1
       Sleeping          |       |     7 ||     7
Armor: Robe              |     1 |     3 ||     4
Dodge: Dodged            |    37 |    47 ||    84

Table legend: (Time is in decaauts)
 A = Elapsed time spent in this place.
 B = Non-inter-level travel time spent in this place.
 C = Inter-level travel time spent in this place.
 D = Time resting spent in this place.
 E = Time spent auto-exploring this place.
 F = Levels seen in this place.
 G = Mean time per level.
                   A        B        C        D        E       F      G
               +--------+--------+--------+--------+--------+-----+--------+
         Total |   4042 |   3884 |    158 |    100 |   3041 |   5 |  808.4 |
       Dungeon |   4042 |   3884 |    158 |    100 |   3041 |   5 |  808.4 |
               +--------+--------+--------+--------+--------+-----+--------+

Top non-repeatable levels by time:
     D:1: 1305 daAuts
     D:2: 902 daAuts
     D:4: 809 daAuts
     D:3: 793 daAuts
     D:5: 232 daAuts
